 Dungeon Crawl Stone Soup version 0.19.1 (webtiles) character file.

4034 ZaaltNaerthe the Transmogrifier (level 10, -5/35 HPs)
             Began as a Felid Transmuter on Dec 23, 2016.
             Was a Believer of Hepliaklqana.
             Slain by a centaur warrior (8 damage)
             ... on level 12 of the Dungeon.
             The game lasted 01:05:56 (14584 turns).

ZaaltNaerthe the Transmogrifier (Felid Transmuter) Turns: 14584, Time: 01:05:59

Health: -5/35      AC:  8    Str:  8    XL:     10   Next: 4%
Magic:  13/16      EV: 32    Int: 17    God:    Hepliaklqana [**....]
Gold:   708        SH:  0    Dex: 23    Spells: 4 memorised, 5 levels left
                                        Lives:  0   Deaths: 3

rFire  + . .     SeeInvis +       - Unarmed
rCold  . . .     Gourm    .     (armour unavailable)
rNeg   . . .     Faith    .     (shield unavailable)
rPois  x         Spirit   .     (helmet unavailable)
rElec  .         Reflect  .     (cloak unavailable)
rCorr  .         Harm     .     (gloves unavailable)
MR     +....     Clarity  +     (boots unavailable)
Stlth  +++++.....               q - amulet of magic regeneration
                                C - ring of protection from fire
                                j - +6 ring of protection

@: spider-form (expiring)
A: no armour, no weapons or thrown items, stealth, reduced essence, (claws 0),
(fangs 0), see invisible, carnivore 3, clarity, (speed 0), low mp 1, (shaggy fur
0), slow metabolism 1, strong 1, (sharp paws)
a: End Transformation, Recall Ancestor, Ancestor Identity, Renounce Religion


You were on level 12 of the Dungeon.
You worshipped Hepliaklqana.
Hepliaklqana was pleased with you.
You were not hungry.
You were a venomous arachnid creature.
You visited 2 branches of the dungeon, and saw 13 of its levels.
You also visited: Sewer.

You collected 708 gold pieces.

Inventory:

Missiles
 a - 177 arrows
Jewellery
 d - an uncursed ring of protection from cold
 j - a +6 ring of protection (left front leg)
 q - an amulet of magic regeneration (around neck)
 A - an uncursed amulet of rage
 C - a ring of protection from fire (right front leg)
Wands
 k - a wand of flame (13/48)
 H - a wand of iceblast (7/15)
Scrolls
 e - 2 scrolls of blinking {unknown}
 f - 4 scrolls of remove curse
 h - 5 scrolls of random uselessness {unknown}
 m - 5 scrolls of recharging {unknown}
 n - 5 scrolls of identify
 o - 2 scrolls of immolation {unknown}
 s - a scroll of magic mapping {unknown}
 y - 2 scrolls of amnesia
 z - a scroll of enchant weapon {unknown}
 F - 2 scrolls of fog {unknown}
 G - a scroll of brand weapon {unknown}
 I - a scroll of noise {unknown}
 K - 2 scrolls of teleportation {unknown}
Potions
 g - 7 potions of curing
 i - a potion of cancellation
 l - 2 potions of lignification
 r - 2 potions of haste {unknown}
 t - a potion of brilliance {unknown}
 u - 3 potions of flight
 v - a potion of heal wounds
 w - a potion of agility {unknown}
 x - 2 potions of might {unknown}
 B - a potion of cure mutation {unknown}
 E - a potion of ambrosia {unknown}
 J - a potion of experience {unknown}
Books
 b - a book of Changes

   Spells                             Type                      Level
   a - Beastly Appendage              Transmutation                1
   b - Sticks to Snakes               Transmutation                2
   c - Spider Form                    Transmutation/Poison         3
   d - Ice Form                       Ice/Transmutation            4
   e - Blade Hands                    Transmutation                5
 D - a book of Power

   Spells                             Type                      Level
   a - Fulminant Prism                Conjuration/Hexes            4
   b - Iskenderun's Mystic Blast      Conjuration                  4
   c - Venom Bolt                     Conjuration/Poison           5
   d - Bolt of Magma                  Conjuration/Fire/Earth       5
   e - Iron Shot                      Conjuration/Earth            6
   f - Orb of Destruction             Conjuration                  7
   g - Spellforged Servitor           Conjuration/Summoning        7
Comestibles
 c - 4 meat rations
 p - 3 beef jerkies
 L - a slice of pizza


   Skills:
 - Level 1.0 Fighting
 - Level 10.1 Dodging
 + Level 11.1 Stealth
 * Level 9.2 Unarmed Combat
 + Level 4.7 Spellcasting
 + Level 11.6 Transmutations


You had 5 spell levels left.
You knew the following spells:

 Your Spells              Type           Power        Failure   Level  Hunger
a - Beastly Appendage     Tmut           #####.       1%          1    None
b - Spider Form           Tmut/Pois      ###.......   14%         3    ###....
c - Blade Hands           Tmut           #####.....   14%         5    ######.
d - Ice Form              Ice/Tmut       ###.....     32%         4    ####...


Dungeon Overview and Level Annotations

Branches:
Dungeon (12/15)            Temple (1/1) D:5             Orc (0/2) D:9
   Lair: D:8-11

Altars:
Ashenzari
Cheibriados
Dithmenos
Elyvilon
Fedhas
Gozag
Hepliaklqana
Kikubaaqudgha
Makhleb
Nemelex Xobeh
Okawaru
Qazlal
Ru
Sif Muna
Trog
Uskayaw
Vehumet
Xom
Yredelemnul
Zin
The Shining One

Shops:
D:5 =   D:6 !   D:8 [

Portals:
Trove: D:10 (give 3 potions of cure mutation)

Annotations:
D:2 Sigmund


Innate Abilities, Weirdness & Mutations

You cannot wear armour.
You are incapable of wielding weapons or throwing items.
Your paws allow you to move quietly. (Stealth)
((You have sharp claws.))
((You have razor-sharp teeth.))
You have supernaturally acute eyesight. (SInv)
You are carnivorous and can eat meat at any time.
((You cover ground quickly.))
((You are covered in thick fur. (AC +2)))
You have a slow metabolism.
((Your sharp claws are effective at attacking unaware monsters.))
Your life essence is reduced. (-10% HP)
You possess an exceptional clarity of mind.
Your magical capacity is low. (-10% MP)
Your muscles are strong. (Str +2)


Message History

The centaur warrior completely misses you.
The centaur warrior hits you.
You bite the centaur warrior!
The centaur warrior is heavily wounded.
The centaur warrior hits you.
You bite the centaur warrior!
The centaur warrior looks as sick as possible!
The centaur warrior is severely wounded.
Your transformation is almost over.
The centaur warrior completely misses you.
You closely miss the centaur warrior.
The centaur warrior is severely wounded.
The centaur warrior closely misses you.
You bite the centaur warrior!
The centaur warrior looks as sick as possible!
The centaur warrior is almost dead.
The centaur warrior hits you!
* * * LOW HITPOINT WARNING * * *
The centaur warrior hits you!
You die...

##+##+# #############
......[ #............
....... #............
......Y #............
.....Zc###+#....[.......
#sR.........###'#.
########....#...#.
#....#...+. #....#...#.
#....##..#. #######'##.
#........'. #........#.
#...######.


You could see the friendly Leofdaeg the hexer, a centaur warrior, a yak and a
bullfrog zombie.

Vanquished Creatures
  An unseen horror (D:10)
  A hill giant (D:10)
  An ugly thing (D:12)
  Psyche (D:9)
  A hornet (D:9)
  A troll (D:10)
  A slime creature (shapeshifter) (D:10)
  A hippogriff (D:11)
  3 wyverns
  3 yaks (D:12)
  2 basilisks
  A hungry ghost (D:10)
  A porcupine (D:8)
  3 sky beasts
  5 orc warriors
  A phantom (D:10)
  A black bear (D:7)
  3 ogres
  A centaur (D:11)
  A crocodile (D:10)
  2 big kobolds
  12 bullfrogs
  A water moccasin skeleton (D:4)
  10 killer bees
  3 howler monkeys (D:11)
  4 crimson imps
  2 hounds
  8 orc priests
  2 bullfrog zombies (D:5)
  6 jellies
  2 centaur skeletons (D:11)
  13 orc wizards
  Ijyb (D:2)
  3 bullfrog skeletons
  Natasha (D:2)
  2 iguanas
  4 worker ants
  3 gnolls (D:3)
  11 river rats (Sewer)
  13 adders
  3 adder skeletons
  5 worms
  2 dart slugs
  9 leopard geckos
  58 orcs
  7 giant cockroaches
  12 goblins
  9 hobgoblins
  6 jackals
  6 quokkas
  6 ball pythons
  10 bats
  6 frilled lizards
  26 kobolds
  2 leopard gecko zombies (D:7)
  A quokka zombie (D:7)
  26 rats
330 creatures vanquished.

Vanquished Creatures (collateral kills)
  A hill giant (D:10)
  An ugly thing (D:12)
  A troll (D:12)
  A wyvern (D:10)
  A hungry ghost (D:12)
  A soldier ant (D:11)
  An orc warrior (D:10)
  A bullfrog (D:6)
  A scorpion (D:7)
  A crimson imp (D:8)
  3 orc priests
  An orc wizard (D:11)
  An iguana (D:11)
  A hound skeleton (D:9)
  An adder (D:7)
  11 orcs
  6 kobolds
34 creatures vanquished.

Vanquished Creatures (others)
  2 hexers
  3 ancestors
  3 orcs (D:3)
  2 bushes (D:8)
  5 plants (D:8)
15 creatures vanquished.

Grand Total: 379 creatures vanquished

Notes
Turn   | Place    | Note
-------+----------+-------------------------------------------
     0 | D:1      | ZaaltNaerthe the Felid Transmuter began the quest for the Orb.
     0 | D:1      | Reached XP level 1. HP: 9/9 MP: 4/4
   162 | D:1      | Reached XP level 2. HP: 9/12 MP: 4/6
   376 | D:1      | Reached skill level 1 in Stealth
  1082 | D:1      | Reached XP level 3. HP: 15/15 MP: 5/7
  1135 | D:2      | Noticed Ijyb
  1148 | D:2      | Killed Ijyb
  1516 | D:2      | Learned a level 3 spell: Spider Form
  1602 | D:2      | Noticed Natasha
  1608 | D:2      | Killed Natasha
  1608 | D:2      | Reached XP level 4. HP: 19/19 MP: 8/8
  1673 | D:2      | Noticed Sigmund
  2462 | D:3      | Reached XP level 5. HP: 22/22 MP: 9/9
  2466 | D:3      | Noticed an orc warrior
  2493 | D:3      | Mangled by an orc warrior
  2494 | D:3      | Reached XP level 4. HP: -7/19 MP: 6/8
  2505 | D:3      | Killed an orc warrior
  2505 | D:3      | Reached XP level 5. HP: 22/22 MP: 9/9
  2997 | D:3      | Reached skill level 5 in Transmutations
  2997 | D:3      | Gained mutation: You are covered in thick fur. (AC +2) [Felid growth]
  2997 | D:3      | Reached XP level 6. HP: 25/25 MP: 4/10
  3396 | D:3      | Learned a level 5 spell: Blade Hands
  3466 | D:4      | HP: 1/25 [ogre/giant spiked club (24)]
  3481 | D:4      | Reached skill level 5 in Dodging
  4153 | D:4      | Reached XP level 7. HP: 17/28 MP: 7/11
  4555 | D:5      | Entered Level 5 of the Dungeon
  4822 | D:5      | Found Hutz's Jewellery Emporium.
  4865 | D:5      | Reached skill level 5 in Stealth
  5020 | D:5      | Found a glowing drain.
  5042 | Sewer    | Entered a sewer
  5070 | Sewer    | Reached skill level 5 in Unarmed Combat
  5806 | Sewer    | Gained mutation: You possess an exceptional clarity of mind. [potion of mutation]
  5806 | Sewer    | Gained mutation: Your magical capacity is low. (-10% MP) [potion of mutation]
  5806 | Sewer    | Gained mutation: Your muscles are strong. (Str +2) [potion of mutation]
  5948 | D:5      | Found a staircase to the Ecumenical Temple.
  5961 | Temple   | Entered the Ecumenical Temple
  6316 | Temple   | Became a worshipper of Hepliaklqana the Forgotten
  6506 | D:5      | Reached XP level 8. HP: 28/28 MP: 7/10
  7142 | D:6      | Reached * piety under Hepliaklqana
  7336 | D:6      | Found Giel's Distillery.
  8576 | D:8      | Found Failiv's Antique Armour Boutique.
  8612 | D:8      | Reached XP level 9. HP: 31/31 MP: 6/11
  8994 | D:9      | HP: 1/31 [wyvern (14)]
  9248 | D:9      | Found a sacrificial altar of Ru.
  9380 | D:9      | Reached ** piety under Hepliaklqana
  9381 | D:9      | Remembered your ancestor Leofdaeg as a hexer
  9399 | D:9      | Noticed Psyche
  9408 | D:9      | Killed Psyche
  9408 | D:9      | Reached skill level 10 in Transmutations
  9606 | D:9      | Found a staircase to the Orcish Mines.
  9624 | D:9      | HP: 1/31 [orc priest/divine providence (16)]
 10193 | D:10     | Entered Level 10 of the Dungeon
 10227 | D:10     | Noticed an unseen horror
 10233 | D:10     | Killed an unseen horror
 10233 | D:10     | Reached XP level 10. HP: 21/35 MP: 8/13
 10351 | D:10     | Noticed a hill giant
 10362 | D:10     | Killed a hill giant
 10841 | D:10     | Found a portal to a secret trove of treasure.
 11178 | D:10     | Noticed a hill giant
 11571 | D:10     | Killed a hill giant
 11657 | D:10     | Reached skill level 10 in Stealth
 11739 | D:10     | Learned a level 4 spell: Ice Form
 11760 | D:10     | Reached skill level 10 in Dodging
 12771 | D:11     | Mangled by a killer bee
 12772 | D:11     | Reached XP level 9. HP: -6/37 MP: 14/14
 12891 | D:11     | Reached XP level 10. HP: 12/35 MP: 15/15
 13864 | D:12     | Noticed a purple ugly thing
 13877 | D:12     | Killed a white ugly thing
 14121 | D:12     | Noticed a cyan ugly thing
 14130 | D:12     | Slain by a cyan ugly thing
 14131 | D:12     | Reached XP level 9. HP: -4/31 MP: 11/15
 14149 | D:12     | Killed a cyan ugly thing
 14217 | D:12     | Noticed a troll
 14224 | D:12     | Killed a troll
 14561 | D:12     | Noticed a centaur warrior
 14569 | D:12     | Reached XP level 10. HP: 35/35 MP: 12/16
 14584 | D:12     | Slain by a centaur warrior

Skill      XL: |  1  2  3  4  5  6  7  8  9 10 |
---------------+-------------------------------+-----
Dodging        | 3 4 5 6 7 9 10 | 10.1
Stealth        | 1 3 4 5 7 11 10 | 11.1
Transmutations | 3 4 5 7 8 10 11 | 11.6
Unarmed Combat | 4 5 6 9 8 |  9.2
Spellcasting   | 4 |  4.7
Fighting       | |  1.0

Action                   |  1- 3 |  4- 6 |  7- 9 | 10-12 || total
-------------------------+-------+-------+-------+-------++-------
Melee: Unarmed           |    88 |   237 |   514 |   228 ||  1067
       Headbutt          |    11 |     5 |       |       ||    16
       Bite              |     7 |    12 |    12 |    13 ||    44
       Punch             |     1 |       |     2 |     5 ||     8
 Cast: Beastly Appendage |    10 |     7 |       |       ||    17
       Spider Form       |       |    17 |    39 |     6 ||    62
       Blade Hands       |       |       |    11 |    12 ||    23
       Ice Form          |       |       |     1 |     8 ||     9
Invok: Recall Ancestor   |       |       |     2 |     2 ||     4
       Ancestor Life: He |       |       |     1 |       ||     1
Evoke: Wand              |     3 |     1 |       |       ||     4
  Use: Scroll            |       |     4 |     4 |       ||     8
       Potion            |       |     1 |     5 |       ||     6
 Stab: Sleeping          |     2 |     8 |    20 |    15 ||    45
       Distracted        |       |       |     2 |     5 ||     7
       Confused          |       |       |       |     1 ||     1
  Eat: Chunk             |     5 |     6 |    20 |    19 ||    50
       Royal jelly       |       |       |     1 |       ||     1
Armor: Skin              |     7 |    38 |    67 |    39 ||   151
Dodge: Dodged            |    67 |   236 |   445 |   225 ||   973
